GCL
NEW YORK N (GCL) METS @ COLORADO (GCL) ROCKIES
08/12/2099
 
TOP OF THE 1ST
New York N (GCL) Mets batting - Pitching for Colorado (GCL) Rockies : LHP Oscar Soliz
Pitching: LHP Oscar Soliz
Batting: RHB Sam Miller 0-0: Ball
1-0: Called Strike
1-1: Ball
2-1: Ball
3-1: Called Strike
3-2: Base on Balls
Batting: RHB Randy Dawe 0-0: Ball
Sam Miller steals 2nd base
1-0: Called Strike
1-1: Foul Ball, location: 3SF
1-2: Ball
2-2: Fly out, F7 (Line Drive, 7S, EV 92.5 MPH)
Batting: RHB Omar Rios 0-0: Ball
1-0: Ball
2-0: Called Strike
2-1: DOUBLE (Line Drive, 7LM, EV 102.5 MPH)
Sam Miller scores
Batting: LHB Eddie Diaz 0-0: Ball
1-0: Ball
2-0: Ball
3-0: Called Strike
3-1: Base on Balls
Batting: RHB Felipe Becerra 0-0: Single, Error in OF, E8, batter to second base (Line Drive, 6M, EV 108.1 MPH)
Omar Rios scores
Eddie Diaz to third
Pitching: RHP Gabe Vasques
Batting: LHB Jared Coffin 0-0: Ball
1-0: Foul Ball, location: 25FF
1-1: Ball
2-1: Foul Ball, location: 7LSF
2-2: Foul Ball, location: 7LDF
2-2: Foul Ball, location: 5DF
2-2: Ball
3-2: Fly out, F8 (Flyball, 89M, EV 97.5 MPH)
Batting: RHB Tony Romero 0-0: Called Strike
0-1: Ball
1-1: Swinging Strike
1-2: DOUBLE (Flyball, 8LXD, EV 111.3 MPH)
Eddie Diaz scores
Felipe Becerra scores
Batting: RHB Mike Rubio 0-0: Foul Ball, location: 5F
0-1: Foul Ball, location: 3DF
0-2: Ball
1-2: Foul Ball, location: 2F
1-2: Ball
2-2: Ball
3-2: Strikes out swinging
Top of the 1st over - 4 runs, 3 hits, 1 error, 1 left on base; New York N (GCL) 4 - Colorado (GCL) 0
BOTTOM OF THE 1ST
Colorado (GCL) Rockies batting - Pitching for New York N (GCL) Mets : LHP Marcos Cid
Pitching: LHP Marcos Cid
Batting: RHB Eddie Polanco 0-0: Called Strike
0-1: Ball
1-1: Ball
2-1: Ball
3-1: Ground out 5-3 (Groundball, 56, EV 93.8 MPH)
Batting: LHB Dave Plungis 0-0: Swinging Strike
0-1: SINGLE (Groundball, 4MD, EV 105.6 MPH)
Batting: RHB Juan Vargas 0-0: SINGLE (Line Drive, 34, EV 101.3 MPH)
Dave Plungis to second
Batting: RHB Steve Townsend 0-0: Swinging Strike
0-1: Foul Ball, location: 3F
0-2: Foul Ball, location: 3F
0-2: Foul Ball, location: 2F
0-2: Ball
1-2: Ball
2-2: Strikes out swinging
Batting: RHB John Ballantyne 0-0: Called Strike
0-1: Called Strike
0-2: Strikes out looking
Bottom of the 1st over - 0 runs, 2 hits, 0 errors, 2 left on base; New York N (GCL) 4 - Colorado (GCL) 0
TOP OF THE 2ND
New York N (GCL) Mets batting - Pitching for Colorado (GCL) Rockies : RHP Gabe Vasques
Batting: LHB Jon Orozco 0-0: Ball
1-0: Foul Ball, location: 2F
1-1: Fly out, F9 (Flyball, 9LS, EV 96.3 MPH)
Batting: RHB Sam Miller 0-0: Called Strike
0-1: Foul Ball, location: 9LSF
0-2: SINGLE (Flyball, 34D, EV 90.0 MPH)
Batting: RHB Randy Dawe 0-0: Foul Ball, location: 2F
0-1: Foul Ball, location: 2F
0-2: Strikes out swinging
Batting: RHB Omar Rios 0-0: Fly out, F7 (Flyball, 7D, EV 103.1 MPH)
Top of the 2nd over - 0 runs, 1 hit, 0 errors, 1 left on base; New York N (GCL) 4 - Colorado (GCL) 0
BOTTOM OF THE 2ND
Colorado (GCL) Rockies batting - Pitching for New York N (GCL) Mets : LHP Marcos Cid
Pitching: LHP Juan Martinez
Batting: RHB Pippo Bottello 0-0: Foul Ball, location: 3F
0-1: Swinging Strike
0-2: Ball
1-2: Ball
2-2: Ball
3-2: Foul Ball, location: 9LSF
3-2: Foul Ball, location: 2F
3-2: Ground out 6-3 (Groundball, 6, EV 101.9 MPH)
Batting: SHB Mel Hernandez 0-0: Ball
1-0: Ball
2-0: Ball
3-0: Base on Balls
Batting: RHB Tony Puac 0-0: Called Strike
0-1: Swinging Strike
0-2: Grounds into double play, 4-6-3 (Groundball, 4, EV 78.1 MPH)
Bottom of the 2nd over - 0 runs, 0 hits, 0 errors, 0 left on base; New York N (GCL) 4 - Colorado (GCL) 0
TOP OF THE 3RD
New York N (GCL) Mets batting - Pitching for Colorado (GCL) Rockies : RHP Gabe Vasques
Batting: LHB Eddie Diaz 0-0: Ball
1-0: Ball
2-0: Ground out U3 (Groundball, 3, EV 86.9 MPH)
Batting: RHB Felipe Becerra 0-0: Foul Ball, location: 3F
0-1: Called Strike
0-2: Foul Ball, location: 2F
0-2: Ball
1-2: Ball
2-2: Ball
3-2: Foul Ball, location: 2F
3-2: Strikes out swinging
Batting: LHB Jared Coffin 0-0: Ball
1-0: Ball
2-0: Fly out, F2 (Popup, 5SF, EV 81.3 MPH)
Top of the 3rd over - 0 runs, 0 hits, 0 errors, 0 left on base; New York N (GCL) 4 - Colorado (GCL) 0
BOTTOM OF THE 3RD
Colorado (GCL) Rockies batting - Pitching for New York N (GCL) Mets : LHP Juan Martinez
Batting: RHB Andy Granadoz 0-0: Called Strike
0-1: SINGLE (Flyball, 8LS, EV 93.8 MPH)
Batting: RHB Eddie Polanco 0-0: Foul Ball, location: 2F
0-1: Fly out, F9 (Flyball, 9LM, EV 95.6 MPH)
Batting: LHB Dave Plungis 0-0: Ball
1-0: Swinging Strike
1-1: Foul Ball, location: 2F
1-2: Ball
2-2: Foul Ball, location: 2F
2-2: Ball
3-2: Strikes out swinging
Batting: RHB Juan Vargas 0-0: Ground out 4-3 (Groundball, 4, EV 100.0 MPH)
Bottom of the 3rd over - 0 runs, 1 hit, 0 errors, 1 left on base; New York N (GCL) 4 - Colorado (GCL) 0
TOP OF THE 4TH
New York N (GCL) Mets batting - Pitching for Colorado (GCL) Rockies : RHP Gabe Vasques
Batting: RHB Tony Romero 0-0: Ground out 6-3 (Groundball, 6M, EV 88.1 MPH)
Batting: RHB Mike Rubio 0-0: Ball
1-0: Ball
2-0: Ball
3-0: Swinging Strike
3-1: Foul Ball, location: 3F
3-2: Strikes out swinging
Batting: LHB Jon Orozco 0-0: Ball
1-0: Foul Ball, location: 2F
1-1: Called Strike
1-2: Fly out, F8 (Flyball, 78D, EV 67.5 MPH)
Top of the 4th over - 0 runs, 0 hits, 0 errors, 0 left on base; New York N (GCL) 4 - Colorado (GCL) 0
BOTTOM OF THE 4TH
Colorado (GCL) Rockies batting - Pitching for New York N (GCL) Mets : LHP Juan Martinez
Batting: RHB Steve Townsend 0-0: Ball
1-0: Foul Ball, location: 2F
1-1: Fly out, F8 (Flyball, 8LM, EV 91.3 MPH)
Batting: RHB John Ballantyne 0-0: Ball
1-0: Ball
2-0: Called Strike
2-1: Foul Ball, location: 5SF
2-2: SINGLE (Line Drive, 78S, EV 109.4 MPH)
Batting: RHB Pippo Bottello 0-0: Ball
1-0: Ball
2-0: Called Strike
2-1: Called Strike
2-2: Strikes out swinging
Batting: SHB Mel Hernandez 0-0: Fly out, F7 (Flyball, 7, EV 83.8 MPH)
Bottom of the 4th over - 0 runs, 1 hit, 0 errors, 1 left on base; New York N (GCL) 4 - Colorado (GCL) 0
TOP OF THE 5TH
New York N (GCL) Mets batting - Pitching for Colorado (GCL) Rockies : RHP Gabe Vasques
Batting: RHB Sam Miller 0-0: Foul Ball, location: 2F
0-1: Fly out, F4 (Popup, 23, EV 79.4 MPH)
Batting: RHB Randy Dawe 0-0: TRIPLE (Flyball, 89XD, EV 98.8 MPH)
Batting: RHB Omar Rios 0-0: Called Strike
0-1: Ball
1-1: Ball
2-1: Foul Ball, location: 2F
2-2: Ball
3-2: Base on Balls
Batting: LHB Eddie Diaz 0-0: Ball
1-0: Ball
2-0: Grounds into double play, 5-4-3 (Groundball, 5, EV 92.5 MPH)
Top of the 5th over - 0 runs, 1 hit, 0 errors, 1 left on base; New York N (GCL) 4 - Colorado (GCL) 0
BOTTOM OF THE 5TH
Colorado (GCL) Rockies batting - Pitching for New York N (GCL) Mets : LHP Juan Martinez
Batting: RHB Tony Puac 0-0: Foul Ball, location: 3SF
0-1: Fly out, F7 (Flyball, 7, EV 75.0 MPH)
Batting: RHB Andy Granadoz 0-0: Ball
1-0: Ball
2-0: Called Strike
2-1: Called Strike
2-2: Strikes out swinging
Batting: RHB Eddie Polanco 0-0: Called Strike
0-1: Called Strike
0-2: Foul Ball, location: 2F
0-2: Ball
1-2: Strikes out looking
Bottom of the 5th over - 0 runs, 0 hits, 0 errors, 0 left on base; New York N (GCL) 4 - Colorado (GCL) 0
TOP OF THE 6TH
New York N (GCL) Mets batting - Pitching for Colorado (GCL) Rockies : RHP Gabe Vasques
Batting: RHB Felipe Becerra 0-0: Ball
1-0: Foul Ball, location: 2F
1-1: Foul Ball, location: 3FF
1-2: Ball
2-2: Ball
3-2: Base on Balls
Pitching: RHP Juan Alvidrez
Batting: LHB Jared Coffin 0-0: Ball
1-0: SINGLE (Line Drive, 78M, EV 106.9 MPH)
Felipe Becerra to second
Batting: RHB Tony Romero 0-0: Called Strike
0-1: Swinging Strike
0-2: Ball
1-2: Foul Ball, location: 2F
1-2: Ball
2-2: Strikes out swinging
Batting: RHB Mike Rubio 0-0: 3-RUN HOME RUN (Flyball, 9LD, EV 95.6 MPH), Distance : 349 ft
Batting: LHB Jon Orozco 0-0: Called Strike
0-1: Ball
1-1: Called Strike
1-2: Strikes out swinging
Batting: RHB Sam Miller 0-0: Called Strike
0-1: Ball
1-1: Ball
2-1: Fly out, F3 (Popup, 3F, EV 75.0 MPH)
Top of the 6th over - 3 runs, 2 hits, 0 errors, 0 left on base; New York N (GCL) 7 - Colorado (GCL) 0
BOTTOM OF THE 6TH
Colorado (GCL) Rockies batting - Pitching for New York N (GCL) Mets : LHP Juan Martinez
Batting: LHB Dave Plungis 0-0: Called Strike
0-1: Ball
1-1: Swinging Strike
1-2: Strikes out looking
Batting: RHB Juan Vargas 0-0: Called Strike
0-1: Ball
1-1: Ball
2-1: Foul Ball, location: 9LSF
2-2: Foul Ball, location: 2F
2-2: Fly out, F8 (Flyball, 8RD, EV 110.6 MPH)
Batting: RHB Steve Townsend 0-0: Ball
1-0: Ball
2-0: Ball
3-0: Called Strike
3-1: Called Strike
3-2: Base on Balls
Batting: RHB John Ballantyne 0-0: Ground out 4-3 (Groundball, 4, EV 77.5 MPH)
Bottom of the 6th over - 0 runs, 0 hits, 0 errors, 1 left on base; New York N (GCL) 7 - Colorado (GCL) 0
TOP OF THE 7TH
New York N (GCL) Mets batting - Pitching for Colorado (GCL) Rockies : RHP Juan Alvidrez
Batting: RHB Randy Dawe 0-0: SINGLE (Line Drive, 56D, EV 103.8 MPH)
Batting: RHB Omar Rios 0-0: Ball
1-0: Grounds into double play, 6-4-3 (Groundball, 6, EV 88.1 MPH)
DELAY Rain delay of 57 minutes in the 7th inning.
Pitching: RHP Ramiro Vasquez
Pinch Hitting: RHB Hector Reyes 0-0: Ball
1-0: Ball
2-0: Called Strike
2-1: Foul Ball, location: 9LSF
2-2: Foul Ball, location: 2RF
2-2: SOLO HOME RUN (Flyball, 78XD, EV 101.3 MPH), Distance : 419 ft
Pinch Hitting: LHB Alex Garcia 0-0: Foul Ball, location: 7LMF
0-1: Ball
1-1: Ball
2-1: Swinging Strike
2-2: Ball
3-2: Strikes out swinging
Top of the 7th over - 1 run, 2 hits, 0 errors, 0 left on base; New York N (GCL) 8 - Colorado (GCL) 0
BOTTOM OF THE 7TH
Colorado (GCL) Rockies batting - Pitching for New York N (GCL) Mets : LHP Juan Martinez
Pitching: RHP Jon Detlor
Now at 1B: Hector Reyes
Now in RF: Alex Garcia
Pinch Hitting: RHB Alberto Valencia 0-0: Fly out, F8 (Flyball, 8LD, EV 93.8 MPH)
Batting: SHB Mel Hernandez 0-0: Foul Ball, location: 9LSFF
0-1: Fly out, F9 (Flyball, 89M, EV 92.5 MPH)
Batting: RHB Tony Puac 0-0: Called Strike
0-1: Ball
1-1: Ball
2-1: Ball
3-1: Foul Ball, location: 9LSF
3-2: SINGLE (Groundball, 6MD, EV 106.3 MPH)
Pinch Hitting: RHB Màximo Cerca 0-0: Foul Ball, location: 2F
0-1: Ground out 5-3 (Groundball, 25, EV 83.8 MPH)
Bottom of the 7th over - 0 runs, 1 hit, 0 errors, 1 left on base; New York N (GCL) 8 - Colorado (GCL) 0
TOP OF THE 8TH
New York N (GCL) Mets batting - Pitching for Colorado (GCL) Rockies : RHP Ramiro Vasquez
Now at 1B: Màximo Cerca
Now at SS: Alberto Valencia
Pinch Hitting: SHB Carlos Tapia 0-0: Ball
1-0: SINGLE (Groundball, 34D, EV 105.0 MPH)
Pinch Hitting: LHB Graham Tighe 0-0: Foul Ball, location: 5F
0-1: Foul Ball, location: 2F
0-2: Ball
1-2: Ball
2-2: Ball
3-2: Foul Ball, location: 7LMF
3-2: Foul Ball, location: 7LSF
3-2: Foul Ball, location: 3DF
3-2: Strikes out looking
Batting: RHB Mike Rubio 0-0: Ball
1-0: Ball
2-0: 2-RUN HOME RUN (Flyball, 9D, EV 95.0 MPH), Distance : 353 ft
Batting: LHB Jon Orozco 0-0: SINGLE (Line Drive, 8RS, EV 107.5 MPH)
Batting: RHB Sam Miller 0-0: Foul Ball, location: 9LDF
0-1: Ball
1-1: Fly out, F4 (Popup, 4, EV 69.4 MPH)
Batting: RHB Randy Dawe 0-0: Ground out 4-3 (Groundball, 13, EV 81.3 MPH)
Top of the 8th over - 2 runs, 3 hits, 0 errors, 1 left on base; New York N (GCL) 10 - Colorado (GCL) 0
BOTTOM OF THE 8TH
Colorado (GCL) Rockies batting - Pitching for New York N (GCL) Mets : RHP Jon Detlor
Now in LF: Justin Erickson
Now in CF: Carlos Tapia
Pinch Hitting: LHB Javy Hernandes 0-0: Ball
1-0: Ball
2-0: Ball
3-0: Called Strike
3-1: Called Strike
3-2: Ground out 5-3 (Groundball, 5S, EV 90.0 MPH)
Pinch Hitting: LHB Ferrie Hassink 0-0: Foul Ball, location: 3FF
0-1: Swinging Strike
0-2: Foul Ball, location: 2F
0-2: Ground out U3 (Groundball, 3, EV 89.4 MPH)
Pinch Hitting: RHB John Noseworthy 0-0: SINGLE (Line Drive, 78S, EV 103.1 MPH)
Pinch Hitting: LHB Jose Juan 0-0: Ball
1-0: Called Strike
1-1: Ball
2-1: Swinging Strike
2-2: Foul Ball, location: 3F
2-2: Foul Ball, location: 3DF
2-2: Foul Ball, location: 23F
2-2: Foul Ball, location: 7LMF
2-2: Foul Ball, location: 9LMF
2-2: Foul Ball, location: 3FF
2-2: Foul Ball, location: 25FF
2-2: Ball
3-2: Foul Ball, location: 2F
3-2: Foul Ball, location: 2F
3-2: Base on Balls
John Noseworthy to second
Pinch Hitting: RHB Ed Sceviour 0-0: Foul Ball, location: 9LDF
0-1: Ball
1-1: Ball
2-1: Ball
3-1: 3-RUN HOME RUN (Flyball, 78XD, EV 105.6 MPH), Distance : 400 ft
Pinch Hitting: RHB Jorge Velasquez 0-0: Ball
1-0: Ball
2-0: SINGLE (Groundball, 4MD, EV 105.6 MPH)
Pitching: RHP Jorge Sandoval
Batting: SHB Mel Hernandez 0-0: Foul Ball, location: 5DF
0-1: Ball
1-1: Fly out, F8 (Flyball, 8RXD, EV 92.5 MPH)
Bottom of the 8th over - 3 runs, 3 hits, 0 errors, 1 left on base; New York N (GCL) 10 - Colorado (GCL) 3
TOP OF THE 9TH
New York N (GCL) Mets batting - Pitching for Colorado (GCL) Rockies : RHP Ramiro Vasquez
Now at 1B: Jorge Velasquez
Now at 2B: Ed Sceviour
Now at 3B: David Magallon
Now at SS: Màximo Cerca
Now in LF: Javy Hernandes
Now in CF: Ferrie Hassink
Now in RF: Jose Juan
Batting: RHB Omar Rios 0-0: Foul Ball, location: 2F
0-1: Ball
1-1: Foul Ball, location: 9LMF
1-2: Strikes out swinging
Pinch Hitting: LHB Jake Coode 0-0: Called Strike
0-1: Ball
1-1: SINGLE (Groundball, 34D, EV 93.8 MPH)
Pitching: LHP David Avila
Pinch Hitting: RHB Eric Shoemaker 0-0: Ball
1-0: Ball
2-0: Swinging Strike
2-1: Ball
3-1: Foul Ball, location: 2F
3-2: Strikes out swinging
Jake Coode steals 2nd base
Batter strikes out.
Pinch Hitting: RHB Aaron Colby 0-0: Ball
1-0: Ball
2-0: Foul Ball, location: 2F
2-1: SINGLE (Groundball, 6D, EV 98.8 MPH)
Jake Coode to third
Runner from 3rd tries for Home, SAFE, throw by CF to home
Aaron Colby to second
Pinch Hitting: RHB Michael Salum 0-0: Ball
1-0: Ball
2-0: Ball
3-0: Base on Balls
Pinch Hitting: RHB Nate Molinari 0-0: Ball
1-0: Called Strike
1-1: Fly out, F7 (Flyball, 7LM, EV 102.5 MPH)
Top of the 9th over - 1 run, 2 hits, 0 errors, 2 left on base; New York N (GCL) 11 - Colorado (GCL) 3
BOTTOM OF THE 9TH
Colorado (GCL) Rockies batting - Pitching for New York N (GCL) Mets : RHP Jorge Sandoval
Now at C: Nate Molinari
Now at 1B: Eric Shoemaker
Now in LF: Kevin Hugunin
Now in CF: Michael Salum
Now in RF: Jake Coode
Pinch Hitting: LHB Jose Coronado 0-0: SINGLE (Groundball, 6MD, EV 102.5 MPH)
Pinch Hitting: SHB Justin Tramel 0-0: Foul Ball, location: 2F
0-1: Ball
1-1: Ball
2-1: Foul Ball, location: 9LMFF
2-2: Fly out, F7 (Flyball, 78S, EV 94.4 MPH)
Pinch Hitting: RHB Terry Ziel 0-0: Ball
1-0: Ball
2-0: Called Strike
2-1: Foul Ball, location: 2F
2-2: Ball
3-2: SINGLE (Line Drive, 34, EV 96.3 MPH)
Jose Coronado to second
Pinch Hitting: RHB Mark Woodworth 0-0: Ball
1-0: Grounds into double play, 6-4-3 (Groundball, 6, EV 106.9 MPH)
Bottom of the 9th over - 0 runs, 2 hits, 0 errors, 1 left on base; New York N (GCL) 11 - Colorado (GCL) 3
Tuesday, May 14th , 2024 - OOTP Baseball 24.11 Build 85